 Seeded DCSS version 0.27-a0-95-g5a9077b8ae (webtiles) character file.

Game seed: 5125158891462947277 (custom seed)

266 tacoguy the Shield-Bearer (level 6, -1/55 HPs)
             Began as a Minotaur Fighter on Jan 18, 2021.
             Slain by an ogre
             ... wielding a +0 giant spiked club
              (33 damage)
             ... on level 4 of the Dungeon.
             The game lasted 00:06:03 (2665 turns).

tacoguy the Shield-Bearer (Minotaur Fighter)        Turns: 2665, Time: 00:06:04

Health: -1/55      AC:  9    Str: 23    XL:     6   Next: 0%
Magic:  4/4        EV:  8    Int:  5    God:
Gold:   271        SH:  9    Dex:  7    Spells: 5/5 levels left

rFire    . . .     SeeInvis .   a - +0 war axe
rCold    . . .     Faith    .   c - +0 kite shield
rNeg     . . .     Spirit   .   b - +1 scale mail
rPois    .         Reflect  .   (helmet restricted)
rElec    .         Harm     .   (no cloak)
rCorr    .         Rampage  .   k - +0 pair of gloves
Will     .....                  (no boots)
Stlth    ..........             (no amulet)
HPRegen  0.18/turn              (no ring)
MPRegen  0.09/turn              (no ring)

@: no status effects
A: retaliatory headbutt, horns 2, blink, clumsy 1, low mp 1
a: Blink


You were on level 4 of the Dungeon.
You visited 1 branch of the dungeon, and saw 4 of its levels.

You collected 271 gold pieces.

Inventory:

Hand Weapons
 a - a +0 war axe (weapon)
Armour
 b - a +1 scale mail (worn)
 c - a +0 kite shield (worn)
 k - a +0 pair of gloves (worn)
Scrolls
 f - a scroll of remove curse
 h - a scroll of identify
Potions
 d - a potion of might
 e - 2 potions of haste {unknown}
 g - a potion of berserk rage {unknown}
 i - a potion of flight {unknown}
 j - a potion of heal wounds {unknown}


   Skills:
 + Level 4.9 Fighting
 + Level 3.9 Axes
 + Level 4.9 Armour
 + Level 2.3 Dodging
 + Level 5.0 Shields


You had 5 spell levels left.
You didn't know any spells.
Your spell library was empty.

Dungeon Overview and Level Annotations

Branches:
Dungeon (4/15)
 Temple: D:4-7

Altars:
Vehumet
Zin


Innate Abilities, Weirdness & Mutations

You reflexively headbutt those who attack you in melee.
You have a pair of horns on your head.
You can translocate small distances at will.
You are clumsy. (Dex -2)
Your magical capacity is low. (-10% MP)


Message History

You feel stronger.
You start resting.
HP restored.
You see here a hound corpse.
Found a stone staircase leading up.
You see here a hound corpse.
There is an escape hatch in the floor here.
You open the door.
There is an open door here.
An ogre comes into view. It is wielding a +0 giant spiked club.
The ogre shouts!
You block the ogre's attack.
You hit the ogre. Your headbutt misses the ogre.
The ogre is lightly wounded.
The ogre hits you with a +0 giant spiked club!!
You hit the ogre. Your headbutt misses the ogre.
The ogre is moderately wounded.
The ogre hits you with a +0 giant spiked club!!
Ouch! That really hurt!
You die...

####.#........
#..........###
#.##.#####.#..
##.............
#...#.#####.#.#
#...#.#........
#...#.#.###....
#.######...#.#.#.#....
#...O@.....#.#..<#....
#.#........#.#####.###
#........#.......#
+........#########
#........# #.....####
#.....# #.....#


You could see an ogre.

Vanquished Creatures
  2 hounds
  4 orc wizards (D:3)
  2 adders (D:2)
  4 leopard geckos
  7 orcs (D:3)
  4 giant cockroaches
  8 goblins
  7 hobgoblins
  3 jackals (D:3)
  9 kobolds
  2 quokkas
  A ball python (D:3)
  4 bats
  5 frilled lizards
  4 rats
66 creatures vanquished.

Vanquished Creatures (others)
  5 fungi (D:1)
  5 toadstools (D:1)
10 creatures vanquished.

Grand Total: 76 creatures vanquished

Notes
Turn   | Place    | Note
-------+----------+-------------------------------------------
     0 | D:1      | tacoguy the Minotaur Fighter began the quest for the Orb.
     0 | D:1      | Reached XP level 1. HP: 19/19 MP: 0/0
   342 | D:1      | Reached XP level 2. HP: 21/27 MP: 1/1
   451 | D:1      | Reached skill level 4 in Shields
   747 | D:2      | Noticed an ogre
   756 | D:2      | Reached XP level 3. HP: 33/33 MP: 2/2
  1236 | D:2      | Found a faded altar of an unknown god.
  1370 | D:3      | Reached skill level 1 in Dodging
  1405 | D:3      | Found a radiant altar of Vehumet.
  1414 | D:3      | Reached XP level 4. HP: 41/41 MP: 3/3
  1476 | D:3      | Gained mutation: Your magical capacity is low. (-10% MP)
                  | [potion of mutation]
  1476 | D:3      | Gained mutation: You are clumsy. (Dex -2) [potion of
                  | mutation]
  1476 | D:3      | Gained mutation: You can translocate small distances at
                  | will. [potion of mutation]
  1521 | D:3      | Found a glowing silver altar of Zin.
  1727 | D:3      | Reached XP level 5. HP: 21/47 MP: 3/3
  2492 | D:4      | Reached skill level 5 in Shields
  2492 | D:4      | Reached XP level 6. HP: 39/55 MP: 4/4
  2665 | D:4      | Slain by an ogre

Illustrated notes

Levels and vault maps discovered:
D:1:      dpeg_arrival_pits, layout_rooms, minmay_misc_feat_secret_circle,
          minmay_gold_behind_fungi, minmay_surrounded
D:2:      layout_basic, chequers_ecumenical_altar_island, lightli_corner_chamber
D:3:      layout_basic, zin_academy, vehumet_crystals, bh_walls_and_bars
D:4:      layout_basic

Skill      XL: |  1  2  3  4  5 |
---------------+----------------+-----
Shields        | 4 5 |  5.0
Armour         | 4 |  4.9
Fighting       | 4 |  4.9
Dodging        | 1 2 |  2.3
Axes           | 3 |  3.9

Action                   |  1- 3 |  4- 6 || total
-------------------------+-------+-------++-------
Melee: War axe           |    69 |   100 ||   169
       Headbutt          |    10 |    14 ||    24
  Use: Scroll            |     5 |       ||     5
       Potion            |       |     1 ||     1
Armor: Scale mail        |    43 |    55 ||    98
Dodge: Dodged            |    28 |    27 ||    55
Block: Kite shield       |    42 |    61 ||   103

Table legend: (Time is in decaauts)
 A = Elapsed time spent in this place.
 B = Non-inter-level travel time spent in this place.
 C = Inter-level travel time spent in this place.
 D = Time resting spent in this place.
 E = Time spent auto-exploring this place.
 F = Levels seen in this place.
 G = Mean time per level.
                   A        B        C        D        E       F      G
               +--------+--------+--------+--------+--------+-----+--------+
         Total |   2744 |   2566 |    178 |    257 |   1837 |   4 |  686.0 |
       Dungeon |   2744 |   2566 |    178 |    257 |   1837 |   4 |  686.0 |
               +--------+--------+--------+--------+--------+-----+--------+

Top non-repeatable levels by time:
     D:3: 1138 daAuts
     D:2: 727 daAuts
     D:1: 626 daAuts
     D:4: 251 daAuts
